 Dungeon Crawl Stone Soup version 0.31.0-32-g396128a36d (webtiles) character file.

Game seed: 16729048144979259060

207 PaiMei the Grave Robber (level 5, -1/38 HPs)
             Began as a Demonspawn Necromancer on Apr 6, 2024.
             Killed from afar by Ijyb (21 damage)
             ... with an iceblast
             ... on level 4 of the Dungeon.
             The game lasted 00:05:02 (4051 turns).

PaiMei the Grave Robber (Demonspawn Necromancer)    Turns: 4051, Time: 00:05:03

Health: -1/38      AC:  4    Str:  9    XL:     5   Next: 54%
Magic:  9/9        EV: 12    Int: 17    God:
Gold:   114        SH:  0    Dex: 13    Spells: 9/10 levels left

rFire   . . .        k - +0 trident
rCold   . . .        (no shield)
rNeg    . . .        a - +0 robe
rPois   .            (helmet restricted)
rElec   .            (no cloak)
rCorr   .            (no gloves)
SInv    .            (no boots)
Will    .....        (no amulet)
Stlth   ++           (no ring)
HPRegen 0.26/turn    (no ring)
MPRegen 0.11/turn

%: no passive effects
@: no status effects
A: antennae 1, icy blue scales 1, foul stench 1
a: no special abilities


You were on level 4 of the Dungeon.
You visited 1 branch of the dungeon, and saw 4 of its levels.

You collected 114 gold pieces.

Inventory:

Hand Weapons
 k - a +0 trident (weapon)
Missiles
 j - 10 poisoned darts (quivered)
Armour
 a - a +0 robe (worn)
 s - a scarf of harm
Jewellery
 c - a ring of ice
Scrolls
 d - 2 scrolls of identify {unknown}
 e - a scroll of fog {unknown}
 g - a scroll of vulnerability {unknown}
 i - 2 scrolls of teleportation {unknown}
 l - 2 scrolls of poison {unknown}
 m - a scroll of torment {unknown}
 n - a scroll of enchant weapon {unknown}
 o - a scroll of silence {unknown}
Potions
 b - 3 potions of magic
 f - a potion of degeneration {unknown}
 h - 4 potions of heal wounds {unknown}
 p - a potion of berserk rage {unknown}
 q - a potion of lignification {unknown}
 r - a potion of resistance {unknown}


   Skills:
 + Level 2.1 Fighting
 + Level 3.0 Dodging
 - Level 2.1 Stealth
 + Level 3.1 Spellcasting
 + Level 5.3 Necromancy


You had 9 spell levels left.
You knew the following spells:

 Your Spells              Type           Power      Damage    Failure   Level
a - Necrotise             Necr           80%        1d8       1%          1

Your spell library contained the following spells:

 Spells                   Type           Power      Damage    Failure   Level
 Vampiric Draining        Necr           20%        2d7       6%          3
 Slow                     Hex            8%         N/A       17%         1
 Animate Dead             Necr           20%        N/A       19%         4
 Confusing Touch          Hex            2%         N/A       45%         3
 Sigil of Binding         Hex            2%         N/A       45%         3
 Curse of Agony           Necr           20%        N/A       47%         5


Dungeon Overview and Level Annotations

Branches:
Dungeon (4/15)
 Temple: D:4-7

Altars:

Annotations:
D:4 Ijyb


Innate Abilities, Weirdness & Mutations

You have a pair of small antennae on your head.
You are partially covered in icy blue scales. (AC +2)
You may rarely emit foul miasma when damaged in melee.


Message History

Casting: Necrotise (safe; 1% risk of failure)
Confirm with . or Enter, or press ? or * to list all spells.
You can't see any susceptible monsters within range! (Use Z to cast anyway.)
Casting: Necrotise (safe; 1% risk of failure)
Confirm with . or Enter, or press ? or * to list all spells.
You can't see any susceptible monsters within range! (Use Z to cast anyway.)
Casting: Necrotise (safe; 1% risk of failure)
Confirm with . or Enter, or press ? or * to list all spells.
You can't see any susceptible monsters within range! (Use Z to cast anyway.)
A hobgoblin comes into view.
You swap places.
Casting: Necrotise (safe; 1% risk of failure)
Confirm with . or Enter, or press ? or * to list all spells.
Aiming: Necrotise (safe; 1% risk of failure)
Press: ? - help, Shift-Dir - straight line, f - hobgoblin
Aim: a hobgoblin (ally target, chance to affect: 89%)
The hobgoblin writhes in agony.
The hobgoblin hits you but does no damage.
Casting: Necrotise (safe; 1% risk of failure)
Confirm with . or Enter, or press ? or * to list all spells.
Aiming: Necrotise (safe; 1% risk of failure)
Press: ? - help, Shift-Dir - straight line, f/p - hobgoblin
Aim: a hobgoblin (almost dead, ally target, chance to affect: 89%)
The hobgoblin writhes in agony.
You kill the hobgoblin!
The dead are walking!
You see here a +0 club.
Ijyb the Twisted Goblin comes into view.
She is wielding a +0 club and carrying a wand of iceblast.
An endoplasm comes into view.
Ijyb zaps a wand.
The mass of ice explodes!
The iceblast engulfs you!
You hear a shout! x3
You swap places.
You see here a +0 club.
Your goblin skeleton barely misses Ijyb.
A goblin comes into view. It is wielding a +0 dagger.
Something barely misses your hobgoblin skeleton.
Ijyb screams, "Me stronger than you!"
Ijyb zaps a wand.
The mass of ice explodes!
The iceblast engulfs you!!
Ouch! That really hurt!
You die...

#.# #.## #..#
##g###
#...#######
#.........#
.#####..J......#
#...............#
#######..@......#
#...<.....#
###########


You could see Ijyb and an endoplasm.

Vanquished Creatures
  A bombardier beetle (D:3)
  A hound (D:4)
  Robin (D:2)
  4 adders
  3 gnolls (D:2)
  2 ribbon worms
  3 orcs (D:3)
  5 ball pythons
  2 bats
  An endoplasm (D:3)
  2 giant cockroaches
  10 goblins
  8 hobgoblins
  A quokka (D:3)
  3 frilled lizards
  6 kobolds
  6 rats
59 creatures vanquished.

Vanquished Creatures (collateral kills)
  An endoplasm (D:3)
  A giant cockroach (D:1)
  A goblin (D:2)
3 creatures vanquished.

Grand Total: 62 creatures vanquished

Notes
Turn   | Place    | Note
-------+----------+-------------------------------------------
     0 | D:1      | PaiMei the Demonspawn Necromancer began the quest for the
                  | Orb.
     0 | D:1      | Reached XP level 1. HP: 13/13 MP: 3/3
  1211 | D:1      | Gained mutation: You have a pair of small antennae on your
                  | head. [demonic ancestry]
  1211 | D:1      | Reached XP level 2. HP: 12/19 MP: 1/5
  1838 | D:2      | Noticed Robin
  1861 | D:2      | Reached XP level 3. HP: 24/25 MP: 0/6
  2111 | D:2      | Reached skill level 1 in Fighting
  2340 | D:2      | Gained mutation: You are partially covered in icy blue
                  | scales. (AC +2) [demonic ancestry]
  2340 | D:2      | Reached XP level 4. HP: 32/32 MP: 1/7
  2715 | D:2      | Reached skill level 5 in Necromancy
  2756 | D:2      | Killed Robin
  3323 | D:3      | Gained mutation: You may rarely emit foul miasma when
                  | damaged in melee. [demonic ancestry]
  3323 | D:3      | Reached XP level 5. HP: 28/38 MP: 1/9
  4026 | D:4      | Noticed Ijyb
  4051 | D:4      | Killed from afar by Ijyb

Illustrated notes

Levels and vault maps discovered:
D:1:      sevenhm_arrival_forest_fort_large_4, layout_basic
D:2:      layout_basic, minmay_misc_feat_rows, minivault_14, uniq_robin
D:3:      layout_basic
D:4:      layout_rooms, nicolae_goblin_pals

Skill      XL: |  1  2  3  4  5 |
---------------+----------------+-----
Dodging        | 2 3 |  3.0
Stealth        | 2 |  2.1
Fighting       | 1 2 |  2.1
Necromancy     | 5 |  5.3
Spellcasting   | 3 |  3.1

Action                     |  1- 3 |  4- 6 || total
---------------------------+-------+-------++-------
  Melee: Trident           |    15 |    16 ||    31
         Unarmed           |     1 |       ||     1
   Cast: Necrotise         |    45 |    67 ||   112
 Armour: Robe              |    19 |    38 ||    57
  Dodge: Dodged            |    25 |    25 ||    50
